 Dungeon Crawl Stone Soup version 0.28-a0-199-g298df9dbad (webtiles) character file.

Game seed: 11364050504727441282

1720 siradein the Cleaver (level 8, -6/58 HPs)
             Began as a Demonspawn Berserker on Aug 20, 2021.
             Was a Believer of Trog.
             Mangled by a six-headed hydra (10 damage)
             ... on level 6 of the Dungeon.
             The game lasted 00:11:23 (5777 turns).

siradein the Cleaver (Demonspawn Berserker)         Turns: 5777, Time: 00:11:24

Health: -6/58      AC:  4    Str: 20    XL:     8   Next: 75%
Magic:  8/8        EV: 12    Int:  9    God:    Trog [**....]
Gold:   174        SH:  5    Dex: 29    Spells: 7/7 levels left

rFire   . . .      SeeInvis .   B - +0 war axe
rCold   . . .      Faith    .   u - +0 buckler
rNeg    . . .      Spirit   .   q - +1 leather armour "Ymog" {Rampage rF- rC- Dex+9}
rPois   .          Reflect  .   (helmet restricted)
rElec   .          Harm     .   f - scarf {rC+ rF+}
rCorr   .          Rampage  +   (no gloves)
Will    .....                   (no boots)
Stlth   +++.......              (no amulet)
HPRegen 0.19/turn               l - +6 ring of dexterity
MPRegen 0.11/turn               (no ring)

@: no status effects
A: horns 1, thin skeletal structure 1, demonic guardian 2, powered by death 2
a: Renounce Religion, Berserk, Trog's Hand


You were on level 6 of the Dungeon.
You worshipped Trog.
Trog was pleased with you.
You visited 1 branch of the dungeon, and saw 6 of its levels.

You collected 174 gold pieces.

Inventory:

Hand Weapons
 B - a +0 war axe (weapon)
Missiles
 c - 4 atropa-tipped darts
 r - 27 poisoned darts (quivered)
Armour
 f - a scarf of resistance (worn)
 q - the +1 leather armour "Ymog" (worn) {Rampage rF- rC- Dex+9}
   (You found it on level 4 of the Dungeon)

   Dex:       It affects your dexterity (+9).
   rF:        It makes you vulnerable to fire.
   rC:        It makes you vulnerable to cold.
   Rampage:   It bestows one free step when moving towards enemies.
 u - a +0 buckler (worn)
Jewellery
 l - a +6 ring of dexterity (left hand)
 y - a ring of magical power
 D - a ring of protection from cold
Wands
 w - a wand of flame (15)
 C - a wand of polymorph (8)
Scrolls
 a - 2 scrolls of enchant weapon {unknown}
 b - a scroll of noise {unknown}
 d - 3 scrolls of identify
 e - a scroll of blinking {unknown}
 g - a scroll of enchant armour {unknown}
 h - a scroll of brand weapon {unknown}
 k - a scroll of fear {unknown}
 n - 4 scrolls of teleportation {unknown}
 o - a scroll of immolation {unknown}
 A - a scroll of amnesia {unknown}
Potions
 i - a potion of flight
 j - 3 potions of curing
 m - a potion of heal wounds {unknown}
 p - a potion of ambrosia {unknown}
 s - a potion of attraction {unknown}
 t - a potion of might {unknown}
 v - a potion of brilliance {unknown}
 x - a potion of berserk rage {unknown}
 z - 2 potions of magic {unknown}
 E - a potion of haste {unknown}


   Skills:
 - Level 3.0 Fighting
 + Level 10.6 Axes
 - Level 1.7 Armour
 - Level 1.7 Dodging


You had 7 spell levels left.
You didn't know any spells.
Your spell library was empty.

Dungeon Overview and Level Annotations

Branches:
Dungeon (6/15)             Temple (0/1) D:5

Altars:
Dithmenos

Shops:
D:5 ((*[


Innate Abilities, Weirdness & Mutations

You have a pair of small horns on your head.
You have a somewhat thin skeletal structure. (Dex +2, Stealth+)
A demonic guardian rushes to your aid.
You regenerate health from kills.


Message History

You block the jelly's attack.
You slash the jelly!
You kill the jelly!
Trog accepts your kill.
No target in view!
No target in view!
No target in view!
No target in view!
No target in view!
A bullfrog zombie comes into view.
A bullfrog zombie is nearby!
A bullfrog zombie is nearby!
A bullfrog zombie is nearby!
A bullfrog zombie is nearby!
A bullfrog zombie is nearby!
There is a stone staircase leading down here.
The six-headed hydra bites you!
You block the six-headed hydra's attack.
The six-headed hydra bites you but does no damage. x2
The six-headed hydra bites you.
The six-headed hydra bites you but does no damage.
You block the six-headed hydra's attack.
The six-headed hydra bites you but does no damage.
The six-headed hydra bites you!
A demonic guardian appears!
The six-headed hydra bites you! The six-headed hydra bites you.
The six-headed hydra bites you!
* * * LOW HITPOINT WARNING * * *
Your rust devil hits the six-headed hydra.
Your rust devil corrodes the six-headed hydra!
Your rust devil hits the six-headed hydra.
The six-headed hydra seems to be corroded for longer.
Your rust devil disappears in a puff of smoke!
The six-headed hydra is no longer covered in acid.
There is a stone staircase leading up here.
The six-headed hydra bites you!
* * * LOW HITPOINT WARNING * * *
A demonic guardian appears!
The six-headed hydra bites you.
* * * LOW HITPOINT WARNING * * *
The six-headed hydra bites you!
You die...

###### ############....######
.................)...##
.#######........[[....###
########.......4)....#).###
###...##.......D@.....#...#######
#......#..............###..#.....
.......##............## ##...#
........#...........## ##..##
........#..........## #..##
........#.........## #..#
..................# ##.##
#..§............### #..#
....§.........### #..#


You could see a six-headed hydra (ally target) and a friendly orange demon
(summoned).

Vanquished Creatures
  Grinder (D:5)
  Edmund (D:6)
  2 sky beasts (D:6)
  2 orc warriors (D:6)
  2 black bears
  An ice beast (D:5)
  2 necrophages (D:6)
  An ogre (D:6)
  A phantom (D:5)
  3 scorpions
  A jelly (D:6)
  2 orc priests (D:6)
  A bullfrog skeleton (D:5)
  A hound (D:6)
  An iguana (D:6)
  An orc wizard (D:6)
  Robin (D:3)
  3 adders
  A shadow imp (D:6)
  2 worms
  2 dart slugs
  6 orcs
  9 endoplasms
  3 giant cockroaches (D:2)
  15 goblins
  7 hobgoblins
  2 jackals (D:2)
  3 ball pythons
  2 bats (D:2)
  2 frilled lizards
  6 kobolds
  4 rats
91 creatures vanquished.

Notes
Turn   | Place    | Note
-------+----------+-------------------------------------------
     0 | D:1      | siradein the Demonspawn Berserker began the quest for the
                  | Orb.
     0 | D:1      | Reached XP level 1. HP: 18/18 MP: 1/1
   184 | D:1      | Reached skill level 3 in Axes
   325 | D:1      | Gained mutation: You regenerate a little health from kills.
                  | [demonic ancestry]
   325 | D:1      | Reached XP level 2. HP: 22/24 MP: 2/2
   904 | D:2      | Reached skill level 4 in Axes
   904 | D:2      | Gained mutation: You regenerate health from kills. [demonic
                  | ancestry]
   904 | D:2      | Reached XP level 3. HP: 29/29 MP: 3/3
  1020 | D:2      | Reached ** piety under Trog
  1521 | D:3      | Noticed Robin
  1537 | D:3      | Killed Robin
  1538 | D:3      | Gained mutation: You have a pair of small horns on your
                  | head. [demonic ancestry]
  1538 | D:3      | Reached XP level 4. HP: 31/35 MP: 4/4
  1684 | D:3      | Found a faded altar of an unknown god.
  2288 | D:4      | Noticed a scorpion
  2294 | D:4      | Killed a scorpion
  2295 | D:4      | Reached skill level 5 in Axes
  2295 | D:4      | Gained mutation: A weak demonic guardian rushes to your
                  | aid. [demonic ancestry]
  2295 | D:4      | Reached XP level 5. HP: 25/41 MP: 5/5
  2679 | D:4      | Identified the +1 leather armour "Ymog" {Rampage rF- rC-
                  | Dex+9}
  3175 | D:4      | Noticed a black bear
  3182 | D:4      | Killed a black bear
  3183 | D:4      | Reached skill level 6 in Axes
  3320 | D:5      | Entered Level 5 of the Dungeon
  3326 | D:5      | Reached XP level 6. HP: 23/47 MP: 6/6
  3530 | D:5      | Reached skill level 7 in Axes
  3890 | D:5      | Found Riup's Antique Weapon Shoppe.
  3892 | D:5      | Found Caxzit Suotz's Armour Shoppe.
  3893 | D:5      | Found Raxkuoc's Antique Weapon Shoppe.
  3894 | D:5      | Found Sifo's General Store.
  3894 | D:5      | Noticed an ice beast
  3902 | D:5      | Killed an ice beast
  3903 | D:5      | Gained mutation: You have a somewhat thin skeletal
                  | structure. (Dex +2, Stealth+) [demonic ancestry]
  3903 | D:5      | Reached XP level 7. HP: 52/52 MP: 7/7
  3959 | D:5      | Found a staircase to the Ecumenical Temple.
  3963 | D:5      | Noticed Grinder
  4005 | D:5      | Killed Grinder
  4006 | D:5      | Reached skill level 8 in Axes
  4730 | D:6      | Noticed a six-headed hydra
  4791 | D:6      | Reached skill level 9 in Axes
  4791 | D:6      | Gained mutation: A demonic guardian rushes to your aid.
                  | [demonic ancestry]
  4791 | D:6      | Reached XP level 8. HP: 35/58 MP: 8/8
  4907 | D:6      | Noticed Edmund
  4949 | D:6      | Killed Edmund
  5249 | D:6      | Reached skill level 10 in Axes
  5524 | D:6      | Found a shadowy altar of Dithmenos.
  5777 | D:6      | Mangled by a six-headed hydra

Illustrated notes

Levels and vault maps discovered:
D:1:      roderic_crossed_star, layout_basic, minivault_4
D:2:      layout_basic, minmay_tall_x
D:3:      layout_loops_corners, basic_ecumenical_altar, uniq_robin
D:4:      layout_loops_corners
D:5:      layout_loops_ring, minmay_temple_entry_mist, minmay_shop_grid_forest,
          uniq_grinder
D:6:      layout_cave_pods, mainiacjoe_overflow_brackets, uniq_edmund

Skill      XL: |  1  2  3  4  5  6  7  8 |
---------------+-------------------------+-----
Axes           | 3 4 5 6 7 9 10 | 10.6
Fighting       | |  3.0
Armour         | |  1.7
Dodging        | |  1.7

Action                   |  1- 3 |  4- 6 |  7- 9 || total
-------------------------+-------+-------+-------++-------
Melee: Hand axe          |    91 |    74 |    32 ||   197
       Headbutt          |       |    27 |    37 ||    64
       War axe           |       |       |    65 ||    65
Invok: Trog's Hand       |     1 |     3 |     5 ||     9
       Berserk           |       |     1 |     2 ||     3
  Use: Scroll            |       |     3 |       ||     3
 Stab: Sleeping          |     2 |     3 |     1 ||     6
Armor: Animal skin       |     7 |       |       ||     7
       Ring mail         |    13 |    11 |       ||    24
       Leather armour    |       |     9 |    17 ||    26
Dodge: Dodged            |    57 |    28 |    27 ||   112
Block: Buckler           |       |     6 |    20 ||    26

Table legend: (Time is in decaauts)
 A = Elapsed time spent in this place.
 B = Non-inter-level travel time spent in this place.
 C = Inter-level travel time spent in this place.
 D = Time resting spent in this place.
 E = Time spent auto-exploring this place.
 F = Levels seen in this place.
 G = Mean time per level.
                   A        B        C        D        E       F      G
               +--------+--------+--------+--------+--------+-----+--------+
         Total |   5829 |   5680 |    149 |    692 |   4032 |   6 |  971.5 |
       Dungeon |   5829 |   5680 |    149 |    692 |   4032 |   6 |  971.5 |
               +--------+--------+--------+--------+--------+-----+--------+

Top non-repeatable levels by time:
     D:5: 1277 daAuts
     D:6: 1217 daAuts
     D:4: 1096 daAuts
     D:3: 875 daAuts
     D:1: 790 daAuts
     D:2: 572 daAuts
